 Dungeon Crawl Stone Soup version 0.31-a0-263-ge8cad7f256 (webtiles) character file.

Game seed: 1801330124028244802

65 lessens the Slasher (level 3, 0/27 HPs)
             Began as a Vampire Reaver on July 14, 2023.
             Slain by an adder (2 damage)
             ... on level 4 of the Dungeon.
             The game lasted 00:02:27 (1748 turns).

lessens the Slasher (Vampire Reaver)                Turns: 1748, Time: 00:02:28

Health: 0/27       AC:  3    Str: 11    XL:     3   Next: 94%
Magic:  6/6        EV: 11    Int: 15    God:
Gold:   128        SH:  4    Dex: 14    Spells: 6/7 levels left

rFire   . . .        a - +0 falchion
rCold   . . .        g - +0 buckler
rNeg    . . .        b - +0 leather armour
rPois   .            (no helmet)
rElec   .            (no cloak)
rCorr   .            (no gloves)
SInv    +            (no boots)
Will    .....        (no amulet)
Stlth   +            (no ring)
HPRegen 0.44/turn    (no ring)
MPRegen 0.10/turn

%: no passive effects
@: lethally poisoned (0 -> -8), healing quickly
A: alive, fangs 3, see invisible, vampiric 2
a: Exsanguinate


You were on level 4 of the Dungeon.
You visited 1 branch of the dungeon, and saw 4 of its levels.

You collected 128 gold pieces.

Inventory:

Hand Weapons
 a - a +0 falchion (weapon)
Missiles
 f - 12 stones
Armour
 b - a +0 leather armour (worn)
 g - a +0 buckler (worn)
 k - a +0 ring mail
Scrolls
 d - a scroll of fear {unknown}
 e - 2 scrolls of identify {unknown}
 h - 2 scrolls of torment {unknown}
 i - 2 scrolls of butterflies {unknown}
 j - a scroll of blinking {unknown}
 l - a scroll of teleportation {unknown}
 m - 3 scrolls of revelation {unknown}
 o - a scroll of immolation {unknown}
 p - 3 scrolls of noise {unknown}
Potions
 c - a potion of enlightenment {unknown}
 n - a potion of magic {unknown}
 q - a potion of might {unknown}


   Skills:
 * Level 2.3 Fighting
 + Level 3.2 Long Blades
 * Level 2.9 Dodging
 * Level 2.5 Spellcasting
 * Level 2.6 Conjurations


You had 6 spell levels left.
You knew the following spells:

 Your Spells              Type           Power      Damage    Failure   Level
a - Kiss of Death         Conj/Necr      20%        2d7       24%         1

Your spell library contained the following spells:

 Spells                   Type           Power      Damage    Failure   Level
 Momentum Strike          Conj/Tloc      10%        3d8       36%         2
 Hailstorm                Conj/Ice       5%         3d4       58%         3
 Cause Fear               Hex            0%         N/A       99%         4
 Fireball                 Conj/Fire      2%         3d4       100%        5
 Dragon's Call            Summ           0%         N/A       100%        9


Dungeon Overview and Level Annotations

Branches:
Dungeon (4/15) Zot: 22229
 Temple: D:4-7

Altars:
Dithmenos
Vehumet

Annotations:
D:3 exclusion: statue, Ijyb


Innate Abilities, Weirdness & Mutations

Your natural rate of healing is accelerated.
You have razor-sharp teeth.
You have supernaturally acute eyesight. (SInv)
You are afflicted with vampirism and can become a bat while bloodless.


Message History

The adder is lightly wounded.
The adder bites you.
You are poisoned.
The adder poisons you! The adder closely misses you.
You hit the adder.
The adder is moderately wounded.
You feel sick. The adder barely misses you.
You hit the adder.
The adder is severely wounded.
You feel sick. The adder barely misses you. The adder bites you.
You are more poisoned.
The adder poisons you!
You closely miss the adder.
The adder is severely wounded.
You feel sick. The adder closely misses you. The adder barely misses you.
You hit the adder but do no damage. Your bite misses the adder.
The adder is severely wounded.
You feel sick. The adder bites you.
You are too injured to fight recklessly!
You are too injured to fight recklessly!
You are too injured to fight recklessly!
You barely miss the adder. Your bite misses the adder.
The adder is severely wounded.
You feel sick. You block the adder's attack. The adder bites you.
You are more poisoned.
The adder poisons you!
You closely miss the adder. You bite the adder, but do no damage.
The adder is severely wounded.
* * * LOW HITPOINT WARNING * * *
You feel very sick. The adder bites you but does no damage.
The adder bites you.
* * * LOW HITPOINT WARNING * * *
You are more poisoned.
The adder poisons you!
You completely miss the adder.
The adder is severely wounded.
* * * LOW HITPOINT WARNING * * *
You feel very sick. The adder bites you.
You die...

............... ........
............... #.##...
..$............ #......
...............###......
.................#......
..........§.#....#......
.......)..#§#....#......
#....#§§§#...†.....†
###.@#§#§#§#§.......†
#..S..§.§§§§.........
#....#.#§#.###.......
#.......#.§§#.##.......
#.....^.##.##..........
.........#..............
.........#.......#......
.........#.......#......
###.....#...[.#.#......


You could see an adder.

Vanquished Creatures
  2 adders (D:2)
  2 dart slugs
  2 orcs
  2 endoplasms
  3 giant cockroaches
  7 goblins
  A hobgoblin (D:2)
  3 jackals (D:2)
  2 quokkas (D:4)
  4 ball pythons
  2 bats
  4 frilled lizards
  2 kobolds
  3 rats
39 creatures vanquished.

Notes
Turn   | Place    | Note
-------+----------+-------------------------------------------
     0 | D:1      | lessens the Vampire Reaver began the quest for the Orb.
     0 | D:1      | Reached XP level 1. HP: 16/16 MP: 3/3
   529 | D:1      | Reached XP level 2. HP: 22/22 MP: 5/5
  1026 | D:2      | Gained mutation: You are afflicted with vampirism and can
                  | become a bat while bloodless. [Vampire growth]
  1026 | D:2      | Reached XP level 3. HP: 21/27 MP: 6/6
  1444 | D:3      | Found a radiant altar of Vehumet.
  1444 | D:3      | Noticed a frost-covered statue
  1608 | D:3      | Noticed Ijyb
  1708 | D:4      | Found a shadowy altar of Dithmenos.
  1748 | D:4      | Slain by an adder

Illustrated notes

Levels and vault maps discovered:
D:1:      tarquinn_simple_flora_water_b, layout_basic, dreamdust_princess_bridge
D:2:      layout_rooms
D:3:      kennysheep_the_goblin_king, layout_basic, vehumet_statue,
          evilmike_ruin_ashenzari, fedhas_altar_2, amethyst_killhole
D:4:      layout_basic, grunt_dithmenos_smoke_and_mirrors,
          lightli_temple_of_fire, uniq_eustachio

Skill      XL: |  1  2 |
---------------+-------+-----
Fighting       | 2 |  2.3
Long Blades    | |  3.2
Dodging        | |  2.9
Spellcasting   | |  2.5
Conjurations   | |  2.6

Action                     || total
---------------------------++-------
  Melee: Falchion          ||   113
         Bite              ||    11
   Stab: Sleeping          ||     1
 Armour: Leather armour    ||    28
  Dodge: Dodged            ||    63
  Block: Buckler           ||    22

Table legend: (Time is in decaauts)
 A = Elapsed time spent in this place.
 B = Non-inter-level travel time spent in this place.
 C = Inter-level travel time spent in this place.
 D = Time resting spent in this place.
 E = Time spent auto-exploring this place.
 F = Levels seen in this place.
 G = Mean time per level.
                   A        B        C        D        E       F      G
               +--------+--------+--------+--------+--------+-----+--------+
         Total |   1768 |   1702 |     66 |      0 |   1349 |   4 |  442.0 |
       Dungeon |   1768 |   1702 |     66 |      0 |   1349 |   4 |  442.0 |
               +--------+--------+--------+--------+--------+-----+--------+

Top non-repeatable levels by time:
     D:1: 811 daAuts
     D:2: 593 daAuts
     D:3: 254 daAuts
     D:4: 109 daAuts

Levels and vault maps discovered:
D:1:      tarquinn_simple_flora_water_b, layout_basic, dreamdust_princess_bridge
D:2:      layout_rooms
D:3:      kennysheep_the_goblin_king, layout_basic, vehumet_statue,
          evilmike_ruin_ashenzari, fedhas_altar_2, amethyst_killhole
D:4:      layout_basic, grunt_dithmenos_smoke_and_mirrors,
          lightli_temple_of_fire, uniq_eustachio
